 Dungeon Crawl Stone Soup version 0.26-a0-519-gb2f46efeda (webtiles) character file.

Game seed: 1380163481280251846

354 ANON1729 the Sneak (level 6, 0/37 HPs)
             Began as a Kobold Brigand on Aug 10, 2020.
             Succumbed to an orc wizard's poison
             ... on level 3 of the Dungeon.
             The game lasted 00:10:01 (3474 turns).

ANON1729 the Sneak (Kobold Brigand)                 Turns: 3474, Time: 00:10:01

Health: 0/37       AC:  4    Str:  8    XL:     6   Next: 94%
Magic:  15/15      EV: 31    Int: 13    God:
Gold:   83         SH:  0    Dex: 18    Spells: 5/5 levels left

rFire    . . .     SeeInvis .   p - +2 dagger (venom)
rCold    . . .     Faith    .   (shield restricted)
rNeg     . . .     Spirit   .   b - +0 robe
rPois    .         Reflect  .   g - +0 helmet
rElec    .         Harm     .   (no cloak)
rCorr    .                      f - +0 pair of gloves
MR       .....                  (no boots)
Stlth    +++++.....             q - amulet of the acrobat
HPRegen  0.12/turn              o - ring of magical power
MPRegen  0.14/turn              (no ring)

@: mighty, lethally poisoned (0 -> -20), acrobat, flying
A: small, nightstalker 3
a: no special abilities


You were on level 3 of the Dungeon.
You visited 2 branches of the dungeon, and saw 6 of its levels.

You collected 83 gold pieces.

Inventory:

Hand Weapons
 a - a +2 dagger
 p - a +2 dagger of venom (weapon)
 s - a +1 dagger of protection
Missiles
 d - 21 poisoned darts (quivered)
Armour
 b - a +0 robe (worn)
 c - a +0 cloak
 f - a +0 pair of gloves (worn)
 g - a +0 helmet (worn)
 n - a scarf of harm
Jewellery
 o - a ring of magical power (left hand)
 q - an amulet of the acrobat (around neck)
Scrolls
 e - 2 scrolls of teleportation {unknown}
 h - a scroll of enchant armour {unknown}
 j - a scroll of remove curse {unknown}
 l - 7 scrolls of identify {unknown}
 m - a scroll of noise {unknown}
 r - a scroll of blinking {unknown}
 u - a scroll of fear {unknown}
Potions
 i - a potion of flight
 k - a potion of haste


   Skills:
 + Level 3.4 Fighting
 * Level 5.4 Short Blades
 + Level 3.3 Throwing
 + Level 3.0 Dodging
 * Level 7.3 Stealth


You had 5 spell levels left.
You didn't know any spells.
Your spell library was empty.

Dungeon Overview and Level Annotations

Branches:
Dungeon (5/15)             Temple (1/1) D:4

Altars:
Ashenzari
Dithmenos
Kikubaaqudgha
Makhleb
Nemelex Xobeh
Okawaru
Qazlal
Ru
Trog
Uskayaw
Vehumet
Yredelemnul
Zin
Jiyva

Annotations:
D:4 Sigmund


Innate Abilities, Weirdness & Mutations

You are small and have problems with some larger weapons.
You are completely attuned to the shadows.


Message History

* * * LOW HITPOINT WARNING * * *
You feel sick.
* * * LOW HITPOINT WARNING * * *
You feel very sick.
* * * LOW HITPOINT WARNING * * *
You feel sick.
The helpless kobold fails to defend itself.
You spit the kobold like a pig!!!!
You kill the kobold!
* * * LOW HITPOINT WARNING * * *
You feel sick.
Okay, then.
Okay, then.
You aren't carrying any items that you can evoke.
Okay, then.
* * * LOW HITPOINT WARNING * * *
You feel sick.
* * * LOW HITPOINT WARNING * * *
You feel sick.
You die...

...##.⌠.⌠.⌠.#
....#.......#
...........<#
#####.......#
#.⌠.⌠.⌠.#
#######.......#
#.....#########
#.[[..# .
#.@..... ..
#.....###
...##.......
...(........
.#.........
#........#
..........#
.....#....


There were no monsters in sight!

Vanquished Creatures
  A phantom (D:4)
  A centaur skeleton (D:4)
  3 orc wizards
  A hound skeleton (D:4)
  4 gnolls (D:2)
  4 adders (D:2)
  A worm (D:2)
  2 dart slugs
  A leopard gecko (D:1)
  2 bat zombies (D:2)
  2 giant cockroaches
  4 goblins
  7 hobgoblins
  6 jackals (D:2)
  7 kobolds
  A quokka (D:2)
  A ball python (D:1)
  5 bats
  5 frilled lizards
  A leopard gecko zombie (D:3)
  5 rats
  5 rat zombies (D:2)
69 creatures vanquished.

Notes
Turn   | Place    | Note
-------+----------+-------------------------------------------
     0 | D:1      | ANON1729 the Kobold Brigand began the quest for the Orb.
     0 | D:1      | Reached XP level 1. HP: 12/12 MP: 1/1
   208 | D:1      | Reached XP level 2. HP: 15/17 MP: 2/2
   764 | D:2      | Reached XP level 3. HP: 22/22 MP: 3/3
  1247 | D:2      | Found a radiant altar of Vehumet.
  1460 | D:2      | Reached skill level 6 in Stealth
  1460 | D:2      | Reached XP level 4. HP: 27/27 MP: 4/4
  1785 | D:2      | Reached XP level 5. HP: 28/32 MP: 5/5
  2098 | D:2      | Found an ancient bone altar of Kikubaaqudgha.
  2474 | D:3      | You fall into a shaft and drop 2 floors!
  2474 | D:5      | Entered Level 5 of the Dungeon
  2513 | D:4      | Found a staircase to the Ecumenical Temple.
  2519 | Temple   | Entered the Ecumenical Temple
  2712 | D:4      | Noticed Sigmund
  2951 | D:4      | Noticed a phantom
  3040 | D:4      | Killed a phantom
  3040 | D:4      | Reached skill level 5 in Short Blades
  3040 | D:4      | Reached skill level 7 in Stealth
  3040 | D:4      | Reached XP level 6. HP: 12/37 MP: 6/6
  3473 | D:3      | HP: 1/37 [poisoned by an orc wizard]
  3474 | D:3      | Succumbed to an orc wizard's poison

Illustrated notes

Levels and vault maps discovered:
D:1:      minmay_arrival_up_and_down, layout_loops_ring, minmay_pentomino_x2
D:2:      layout_rooms, vehumet_crystals, lemuel_zombie_altar_kikubaaqudgha,
          chequers_serial_rivers_small_a
D:3:      layout_basic, grunt_gozag_breadcrumbs, grunt_temple_overflow_open,
          chequers_ecumenical_altar_twisty, grunt_ministairs_3, uniq_robin
D:4:      layout_basic, minmay_temple_entry_drinking_statues,
          minmay_tree_intersection, minmay_misc_feat_enclosed,
          serial_bayou_pond_d, minmay_a_box_with_orc_wizards_in_it, uniq_sigmund
D:5:      layout_basic, minmay_manual_macuahuitl
Temple:   pf_slimified_temple

Skill      XL: |  1  2  3  4  5  6 |
---------------+-------------------+-----
Short Blades   | 3 4 5 |  5.4
Dodging        | 2 3 |  3.0
Stealth        | 6 7 |  7.3
Fighting       | 3 |  3.4
Throwing       | 3 |  3.3

Action                   |  1- 3 |  4- 6 || total
-------------------------+-------+-------++-------
Melee: Dagger            |    79 |   261 ||   340
Throw: Dart              |     9 |    28 ||    37
  Use: Potion            |     2 |     3 ||     5
 Stab: Sleeping          |    11 |    13 ||    24
Armor: Robe              |    20 |    63 ||    83
Dodge: Dodged            |    66 |   141 ||   207

Table legend: (Time is in decaauts)
 A = Elapsed time spent in this place.
 B = Non-inter-level travel time spent in this place.
 C = Inter-level travel time spent in this place.
 D = Time resting spent in this place.
 E = Time spent auto-exploring this place.
 F = Levels seen in this place.
 G = Mean time per level.
                   A        B        C        D        E       F      G
               +--------+--------+--------+--------+--------+-----+--------+
         Total |   3378 |   3287 |     91 |   1228 |   1267 |   6 |  563.0 |
       Dungeon |   3200 |   3111 |     89 |   1228 |   1153 |   5 |  640.0 |
        Temple |    177 |    176 |      1 |      0 |    114 |   1 |  177.0 |
               +--------+--------+--------+--------+--------+-----+--------+

Top non-repeatable levels by time:
     D:2: 1471 daAuts
     D:1: 934 daAuts
     D:4: 673 daAuts
  Temple: 177 daAuts
     D:3: 116 daAuts
     D:5: 3 daAuts
